Workbook

Sheet ANEXO 1 - COTIZACIONES
B1: ANEXO 1 - ANALISIS DE COTIZACIONES
D2: Prestación del servicio de mantenimiento preventivo, correctivo y predictivo con suministro e instalación de insumos y bolsa de repuestos nuevos y de primera calidad, para el sistema hidráulico, el cual incluye los equipos de presión constante y de bombeo de agua potable, presión de agua tratada, sistema de eyección de aguas lluvias, residuales, equipos RCI red contra incendio y redes de suministro, desagües, aguas lluvias, aguas recuperadas instaladas en las Sedes de la Subdirección Regional de Apoyo Nororiental, Seccionales Santander, Norte de Santander y Arauca de la Fiscalía General de la Nación
B3: NECESIDAD | G3: COTIZACION 1 ALVARO FORERO D NIT 19.214.555-4 | I3: COTIZACION 2 ICETELCO S.A.S NIT 901.502.208-2 | K3: VALOR COTIZACIÓN HÁBIL MÁS BAJA | L3: PROMEDIO | M3: VALOR COTIZACIÓN HÁBIL MÁS ALTA | N3: PORCENTAJE DIFERENCIAL (BAJA/PROMEDIO) | O3: MEDIA ARITMETICA BAJA | Q3: ANALISIS DE COTIZACIONES
B4: ÍTEM | C4: DESCRIPCION | D4: UNIDAD DE MEDIDA | E4: CANTIDAD | G4: VALOR UNITARIO SIN IVA | I4: VALOR UNITARIO SIN IVA | K4: VALOR UNITARIO SIN IVA | L4: VALOR UNITARIO SIN IVA | M4: VALOR UNITARIO SIN IVA | N4: 40% > / < | O4: VALOR UNITARIO SIN IVA | Q4: VALOR UNITARIO SIN IVA | R4: VALOR IVA | S4: VALOR UNITARIO INCLUIDO IVA | T4: VALOR TOTAL INCLUIDO IVA
C5: SANTANDER
C6: BUCARAMANGA (Edificio sede Principal)
B7: 1 | C7: Mantenimiento Sistema de presión constante: Incluye: Ver Ficha técnica | D7: UND | E7: 2 | G7: 3000000 | I7: 950000 | K7: =ROUND(MIN(G7,I7),2) -> 950000 | L7: =ROUND(AVERAGE(G7,I7),2) -> 1975000 | M7: =+MAX(G7,I7) -> 3000000 | N7: =+(M7/K7)-1 -> 2.1578947 | O7: =+ROUND(AVERAGE(K7,L7),2) -> 1462500 | Q7: =+L7 -> 1975000 | R7: =ROUND(Q7*19%,2) -> 375250 | S7: =+R7+Q7 -> 2350250 | T7: =+S7*E7 -> 4700500
B8: 2 | C8: Mantenimiento Sistema de presión constante de emergencia: Incluye: Ver ficha técnica | D8: UND | E8: 1 | G8: 2800000 | I8: 1050000 | K8: =ROUND(MIN(G8,I8),2) -> 1050000 | L8: =ROUND(AVERAGE(G8,I8),2) -> 1925000 | M8: =+MAX(G8,I8) -> 2800000 | N8: =+(M8/K8)-1 -> 1.6666667 | O8: =+ROUND(AVERAGE(K8,L8),2) -> 1487500 | Q8: =+L8 -> 1925000 | R8: =ROUND(Q8*19%,2) -> 365750 | S8: =+R8+Q8 -> 2290750 | T8: =+S8*E8 -> 2290750
B9: 3 | C9: Mantenimiento Sistema de Eyección 4 UND Incluye: Ver ficha técnica | D9: UND | E9: 4 | G9: 2800000 | I9: 2250000 | K9: =ROUND(MIN(G9,I9),2) -> 2250000 | L9: =ROUND(AVERAGE(G9,I9),2) -> 2525000 | M9: =+MAX(G9,I9) -> 2800000 | N9: =+(M9/K9)-1 -> 0.24444444 | O9: =+ROUND(AVERAGE(K9,L9),2) -> 2387500 | Q9: =+L9 -> 2525000 | R9: =ROUND(Q9*19%,2) -> 479750 | S9: =+R9+Q9 -> 3004750 | T9: =+S9*E9 -> 12019000
C10: SAN GIL
B11: 4 | C11: Mantenimiento general de una (1) bomba de eyección de aguas lluvias de 1/2 HP. Incluye: Ver ficha técnica | D11: UND | E11: 1 | G11: 2000000 | I11: 950000 | K11: =ROUND(MIN(G11,I11),2) -> 950000 | L11: =ROUND(AVERAGE(G11,I11),2) -> 1475000 | M11: =+MAX(G11,I11) -> 2000000 | N11: =+(M11/K11)-1 -> 1.1052632 | O11: =+ROUND(AVERAGE(K11,L11),2) -> 1212500 | Q11: =+L11 -> 1475000 | R11: =ROUND(Q11*19%,2) -> 280250 | S11: =+R11+Q11 -> 1755250 | T11: =+S11*E11 -> 1755250
C12: BARRANCABERMEJA (CTI)
B13: 5 | C13: Mantenimiento general de una (1) bomba de eyección de aguas lluvias de 1/2 HP. Incluye: Ver ficha técnica | D13: UND | E13: 1 | G13: 2000000 | I13: 1050000 | K13: =ROUND(MIN(G13,I13),2) -> 1050000 | L13: =ROUND(AVERAGE(G13,I13),2) -> 1525000 | M13: =+MAX(G13,I13) -> 2000000 | N13: =+(M13/K13)-1 -> 0.9047619 | O13: =+ROUND(AVERAGE(K13,L13),2) -> 1287500 | Q13: =+L13 -> 1525000 | R13: =ROUND(Q13*19%,2) -> 289750 | S13: =+R13+Q13 -> 1814750 | T13: =+S13*E13 -> 1814750
C14: NORTE DE SANTANDER
B15: 6 | C15: Mantenimiento del Sistema de suministro agua potable Incluye: Ver ficha técnica | D15: GL | E15: 1 | G15: 8000000 | I15: 5200000 | K15: =ROUND(MIN(G15,I15),2) -> 5200000 | L15: =ROUND(AVERAGE(G15,I15),2) -> 6600000 | M15: =+MAX(G15,I15) -> 8000000 | N15: =+(M15/K15)-1 -> 0.53846154 | O15: =+ROUND(AVERAGE(K15,L15),2) -> 5900000 | Q15: =+L15 -> 6600000 | R15: =ROUND(Q15*19%,2) -> 1254000 | S15: =+R15+Q15 -> 7854000 | T15: =+S15*E15 -> 7854000
B16: 7 | C16: Mantenimiento del Sistema de red de desagües: Incluye: Ver ficha técnica | D16: GL | E16: 1 | G16: 9750000 | I16: 5400000 | K16: =ROUND(MIN(G16,I16),2) -> 5400000 | L16: =ROUND(AVERAGE(G16,I16),2) -> 7575000 | M16: =+MAX(G16,I16) -> 9750000 | N16: =+(M16/K16)-1 -> 0.80555556 | O16: =+ROUND(AVERAGE(K16,L16),2) -> 6487500 | Q16: =+L16 -> 7575000 | R16: =ROUND(Q16*19%,2) -> 1439250 | S16: =+R16+Q16 -> 9014250 | T16: =+S16*E16 -> 9014250
B17: 8 | C17: Mantenimiento del Sistema de planta de tratamiento Incluye: Ver ficha técnica | D17: GL | E17: 1 | G17: 7900000 | I17: 8600000 | K17: =ROUND(MIN(G17,I17),2) -> 7900000 | L17: =ROUND(AVERAGE(G17,I17),2) -> 8250000 | M17: =+MAX(G17,I17) -> 8600000 | N17: =+(M17/K17)-1 -> 0.088607595 | O17: =+ROUND(AVERAGE(K17,L17),2) -> 8075000 | Q17: =+L17 -> 8250000 | R17: =ROUND(Q17*19%,2) -> 1567500 | S17: =+R17+Q17 -> 9817500 | T17: =+S17*E17 -> 9817500
B18: 9 | C18: Mantenimiento del Sistema de red contra incendio Incluye: Ver ficha técnica | D18: GL | E18: 1 | G18: 7000000 | I18: 8100000 | K18: =ROUND(MIN(G18,I18),2) -> 7000000 | L18: =ROUND(AVERAGE(G18,I18),2) -> 7550000 | M18: =+MAX(G18,I18) -> 8100000 | N18: =+(M18/K18)-1 -> 0.15714286 | O18: =+ROUND(AVERAGE(K18,L18),2) -> 7275000 | Q18: =+L18 -> 7550000 | R18: =ROUND(Q18*19%,2) -> 1434500 | S18: =+R18+Q18 -> 8984500 | T18: =+S18*E18 -> 8984500
B19: 10 | C19: Reparación de Detector de flujo de agua WFD40VN para sistema RCI Incluye: Ver ficha técnica | D19: UND | E19: 1 | G19: 1000000 | I19: 3000000 | K19: =ROUND(MIN(G19,I19),2) -> 1000000 | L19: =ROUND(AVERAGE(G19,I19),2) -> 2000000 | M19: =+MAX(G19,I19) -> 3000000 | N19: =+(M19/K19)-1 -> 2 | O19: =+ROUND(AVERAGE(K19,L19),2) -> 1500000 | Q19: =+L19 -> 2000000 | R19: =ROUND(Q19*19%,2) -> 380000 | S19: =+R19+Q19 -> 2380000 | T19: =+S19*E19 -> 2380000
B20: 11 | C20: Reparación en tee Mecánica doble ramal de tubería de 1” para sistema RCI Incluye: Ver ficha técnica | D20: UND | E20: 1 | G20: 1500000 | I20: 2500000 | K20: =ROUND(MIN(G20,I20),2) -> 1500000 | L20: =ROUND(AVERAGE(G20,I20),2) -> 2000000 | M20: =+MAX(G20,I20) -> 2500000 | N20: =+(M20/K20)-1 -> 0.66666667 | O20: =+ROUND(AVERAGE(K20,L20),2) -> 1750000 | Q20: =+L20 -> 2000000 | R20: =ROUND(Q20*19%,2) -> 380000 | S20: =+R20+Q20 -> 2380000 | T20: =+S20*E20 -> 2380000
B21: 12 | C21: Reparación de acoplamiento de tubería VICTAULIC DE 4"/114.3-009N Firelock EZ Incluye: Ver ficha técnica | D21: UND | E21: 1 | G21: 4000000 | I21: 1900000 | K21: =ROUND(MIN(G21,I21),2) -> 1900000 | L21: =ROUND(AVERAGE(G21,I21),2) -> 2950000 | M21: =+MAX(G21,I21) -> 4000000 | N21: =+(M21/K21)-1 -> 1.1052632 | O21: =+ROUND(AVERAGE(K21,L21),2) -> 2425000 | Q21: =+L21 -> 2950000 | R21: =ROUND(Q21*19%,2) -> 560500 | S21: =+R21+Q21 -> 3510500 | T21: =+S21*E21 -> 3510500
B22: 13 | C22: PROGRAMA DE INSPECCIÓN COMPLETO DEL SISTEMA CONTRA INCENDIO BAJO NFPA 25. Incluye: Ver ficha técnica | D22: GL | E22: 1 | G22: 4500000 | I22: 5600000 | K22: =ROUND(MIN(G22,I22),2) -> 4500000 | L22: =ROUND(AVERAGE(G22,I22),2) -> 5050000 | M22: =+MAX(G22,I22) -> 5600000 | N22: =+(M22/K22)-1 -> 0.24444444 | O22: =+ROUND(AVERAGE(K22,L22),2) -> 4775000 | Q22: =+L22 -> 5050000 | R22: =ROUND(Q22*19%,2) -> 959500 | S22: =+R22+Q22 -> 6009500 | T22: =+S22*E22 -> 6009500
B23: 14 | C23: Reparación de válvula cortina Roscada 206 de 3” Red White Incluye: Ver ficha técnica | D23: UND | E23: 1 | G23: 1500000 | I23: 2000000 | K23: =ROUND(MIN(G23,I23),2) -> 1500000 | L23: =ROUND(AVERAGE(G23,I23),2) -> 1750000 | M23: =+MAX(G23,I23) -> 2000000 | N23: =+(M23/K23)-1 -> 0.33333333 | O23: =+ROUND(AVERAGE(K23,L23),2) -> 1625000 | Q23: =+L23 -> 1750000 | R23: =ROUND(Q23*19%,2) -> 332500 | S23: =+R23+Q23 -> 2082500 | T23: =+S23*E23 -> 2082500
C24: ARAUCA
C25: SEDE PRINCIPAL
B26: 15 | C26: Mantenimiento general de (2) bombas centrífugas de 3.5 HP, 220V-440V, 60 Hz Sede Principal Incluye: Ver ficha técnica | D26: UND | E26: 2 | G26: 4000000 | I26: 950000 | K26: =ROUND(MIN(G26,I26),2) -> 950000 | L26: =ROUND(AVERAGE(G26,I26),2) -> 2475000 | M26: =+MAX(G26,I26) -> 4000000 | N26: =+(M26/K26)-1 -> 3.2105263 | O26: =+ROUND(AVERAGE(K26,L26),2) -> 1712500 | Q26: =+L26 -> 2475000 | R26: =ROUND(Q26*19%,2) -> 470250 | S26: =+R26+Q26 -> 2945250 | T26: =+S26*E26 -> 5890500
C27: SEDE FORTALEZA
B28: 16 | C28: Mantenimiento general de una (1) bomba centrífuga de 3.5 HP, 220V-440V, 60 Hz sede Fortaleza Incluye: Ver ficha técnica | D28: UND | E28: 1 | G28: 5000000 | I28: 950000 | K28: =ROUND(MIN(G28,I28),2) -> 950000 | L28: =ROUND(AVERAGE(G28,I28),2) -> 2975000 | M28: =+MAX(G28,I28) -> 5000000 | N28: =+(M28/K28)-1 -> 4.2631579 | O28: =+ROUND(AVERAGE(K28,L28),2) -> 1962500 | Q28: =+L28 -> 2975000 | R28: =ROUND(Q28*19%,2) -> 565250 | S28: =+R28+Q28 -> 3540250 | T28: =+S28*E28 -> 3540250
B29: TOTAL | T29: =SUM(T7:T28) -> 84043750
B32: NOTAS:
B33: 1) Se realizó el estudio con 2 cotizaciones las cuales cumplen con lo solicitado por la entidad
B35: 2) Para establecer el valor del mercado de los ítems 1 al 16 se utiliza formula promedio
B37: 3) En el presente análisis se aplicó el procedimiento de aproximación generalmente aceptado por las reglas matemáticas denominado redondeo, que consiste en acercar los valores decimales al número entero más aproximado (esto es, si el tercer decimal es menor que 5, el segundo decimal se mantiene; si el tercer decimal es igual o mayor que 5, el segundo decimal se incrementa en uno)
B38: Fecha de elaboración: 01/09/2025
B39: Estudio del Sector: No: NS-0004

Sheet ANEXO 2 - HISTORICOS
B1: ANEXO 2 - ANALISIS DE COSTOS HISTORICOS
D2: Prestación del servicio de mantenimiento preventivo, correctivo y predictivo con suministro e instalación de insumos y bolsa de repuestos nuevos y de primera calidad, para el sistema hidráulico, el cual incluye los equipos de presión constante y de bombeo de agua potable, presión de agua tratada, sistema de eyección de aguas lluvias, residuales, equipos RCI red contra incendio y redes de suministro, desagües, aguas lluvias, aguas recuperadas instaladas en las Sedes de la Subdirección Regional de Apoyo Nororiental, Seccionales Santander, Norte de Santander y Arauca de la Fiscalía General de la Nación
B3: NECESIDAD | L3: ANALISIS DE COSTOS HISTORICOS
G5: FGN-RNO-MC-0016-2024 | I5: 45474 | J5: 45870
I6: 1.4367 | J6: 1.5071
B7: ÍTEM | C7: DESCRIPCION | D7: UNIDAD DE MEDIDA | E7: CANTIDAD | G7: VALOR UNITARIO SIN IVA | I7: VALOR UNITARIO SIN IVA | L7: VALOR UNITARIO SIN IVA | M7: VALOR IVA | N7: VALOR UNITARIO INCLUIDO IVA | O7: VALOR TOTAL INCLUIDO IVA
C8: =+'ANEXO 1 - COTIZACIONES'!C5 -> SANTANDER
C9: =+'ANEXO 1 - COTIZACIONES'!C6 -> BUCARAMANGA (Edificio sede Principal)
B10: =+'ANEXO 1 - COTIZACIONES'!B7 -> 1 | C10: =+'ANEXO 1 - COTIZACIONES'!C7 -> Mantenimiento Sistema de presión constante: Incluye: Ver Ficha técnica | D10: =+'ANEXO 1 - COTIZACIONES'!D7 -> UND | E10: =+'ANEXO 1 - COTIZACIONES'!E7 -> 2 | G10: 950000 | I10: =ROUND($J$6/$I$6*G10,2) -> 996551.12 | L10: =+I10 -> 996551.12 | M10: =ROUND(L10*19%,2) -> 189344.71 | N10: =+M10+L10 -> 1185895.8 | O10: =+N10*E10 -> 2371791.7
B11: =+'ANEXO 1 - COTIZACIONES'!B8 -> 2 | C11: =+'ANEXO 1 - COTIZACIONES'!C8 -> Mantenimiento Sistema de presión constante de emergencia: Incluye: Ver ficha técnica | D11: =+'ANEXO 1 - COTIZACIONES'!D8 -> UND | E11: =+'ANEXO 1 - COTIZACIONES'!E8 -> 1 | G11: 1800000 | I11: =ROUND($J$6/$I$6*G11,2) -> 1888202.1 | L11: =+I11 -> 1888202.1 | M11: =ROUND(L11*19%,2) -> 358758.4 | N11: =+M11+L11 -> 2246960.5 | O11: =+N11*E11 -> 2246960.5
B12: =+'ANEXO 1 - COTIZACIONES'!B9 -> 3 | C12: =+'ANEXO 1 - COTIZACIONES'!C9 -> Mantenimiento Sistema de Eyección 4 UND Incluye: Ver ficha técnica | D12: =+'ANEXO 1 - COTIZACIONES'!D9 -> UND | E12: =+'ANEXO 1 - COTIZACIONES'!E9 -> 4 | G12: 0 | I12: =ROUND($J$6/$I$6*G12,2) -> 0 | L12: =+I12 -> 0 | M12: =ROUND(L12*19%,2) -> 0 | N12: =+M12+L12 -> 0 | O12: =+N12*E12 -> 0
C13: =+'ANEXO 1 - COTIZACIONES'!C10 -> SAN GIL
B14: =+'ANEXO 1 - COTIZACIONES'!B11 -> 4 | C14: =+'ANEXO 1 - COTIZACIONES'!C11 -> Mantenimiento general de una (1) bomba de eyección de aguas lluvias de 1/2 HP. Incluye: Ver ficha técnica | D14: =+'ANEXO 1 - COTIZACIONES'!D11 -> UND | E14: =+'ANEXO 1 - COTIZACIONES'!E11 -> 1 | G14: 950000 | I14: =ROUND($J$6/$I$6*G14,2) -> 996551.12 | L14: =+I14 -> 996551.12 | M14: =ROUND(L14*19%,2) -> 189344.71 | N14: =+M14+L14 -> 1185895.8 | O14: =+N14*E14 -> 1185895.8
C15: =+'ANEXO 1 - COTIZACIONES'!C12 -> BARRANCABERMEJA (CTI)
B16: =+'ANEXO 1 - COTIZACIONES'!B13 -> 5 | C16: =+'ANEXO 1 - COTIZACIONES'!C13 -> Mantenimiento general de una (1) bomba de eyección de aguas lluvias de 1/2 HP. Incluye: Ver ficha técnica | D16: =+'ANEXO 1 - COTIZACIONES'!D13 -> UND | E16: =+'ANEXO 1 - COTIZACIONES'!E13 -> 1 | G16: 900000 | I16: =ROUND($J$6/$I$6*G16,2) -> 944101.06 | L16: =+I16 -> 944101.06 | M16: =ROUND(L16*19%,2) -> 179379.2 | N16: =+M16+L16 -> 1123480.3 | O16: =+N16*E16 -> 1123480.3
B17: =+'ANEXO 1 - COTIZACIONES'!B14 -> 0 | C17: =+'ANEXO 1 - COTIZACIONES'!C14 -> NORTE DE SANTANDER
B18: =+'ANEXO 1 - COTIZACIONES'!B15 -> 6 | C18: =+'ANEXO 1 - COTIZACIONES'!C15 -> Mantenimiento del Sistema de suministro agua potable Incluye: Ver ficha técnica | D18: =+'ANEXO 1 - COTIZACIONES'!D15 -> GL | E18: =+'ANEXO 1 - COTIZACIONES'!E15 -> 1 | G18: 3586000 | I18: =ROUND($J$6/$I$6*G18,2) -> 3761718.2 | L18: =+I18 -> 3761718.2 | M18: =ROUND(L18*19%,2) -> 714726.47 | N18: =+M18+L18 -> 4476444.7 | O18: =+N18*E18 -> 4476444.7
B19: =+'ANEXO 1 - COTIZACIONES'!B16 -> 7 | C19: =+'ANEXO 1 - COTIZACIONES'!C16 -> Mantenimiento del Sistema de red de desagües: Incluye: Ver ficha técnica | D19: =+'ANEXO 1 - COTIZACIONES'!D16 -> GL | E19: =+'ANEXO 1 - COTIZACIONES'!E16 -> 1 | G19: 4882000 | I19: =ROUND($J$6/$I$6*G19,2) -> 5121223.8 | L19: =+I19 -> 5121223.8 | M19: =ROUND(L19*19%,2) -> 973032.52 | N19: =+M19+L19 -> 6094256.3 | O19: =+N19*E19 -> 6094256.3
B20: =+'ANEXO 1 - COTIZACIONES'!B17 -> 8 | C20: =+'ANEXO 1 - COTIZACIONES'!C17 -> Mantenimiento del Sistema de planta de tratamiento Incluye: Ver ficha técnica | D20: =+'ANEXO 1 - COTIZACIONES'!D17 -> GL | E20: =+'ANEXO 1 - COTIZACIONES'!E17 -> 1 | G20: 0 | I20: =ROUND($J$6/$I$6*G20,2) -> 0 | L20: =+I20 -> 0 | M20: =ROUND(L20*19%,2) -> 0 | N20: =+M20+L20 -> 0 | O20: =+N20*E20 -> 0
B21: =+'ANEXO 1 - COTIZACIONES'!B18 -> 9 | C21: =+'ANEXO 1 - COTIZACIONES'!C18 -> Mantenimiento del Sistema de red contra incendio Incluye: Ver ficha técnica | D21: =+'ANEXO 1 - COTIZACIONES'!D18 -> GL | E21: =+'ANEXO 1 - COTIZACIONES'!E18 -> 1 | G21: 0 | I21: =ROUND($J$6/$I$6*G21,2) -> 0 | L21: =+I21 -> 0 | M21: =ROUND(L21*19%,2) -> 0 | N21: =+M21+L21 -> 0 | O21: =+N21*E21 -> 0
B22: =+'ANEXO 1 - COTIZACIONES'!B19 -> 10 | C22: =+'ANEXO 1 - COTIZACIONES'!C19 -> Reparación de Detector de flujo de agua WFD40VN para sistema RCI Incluye: Ver ficha técnica | D22: =+'ANEXO 1 - COTIZACIONES'!D19 -> UND | E22: =+'ANEXO 1 - COTIZACIONES'!E19 -> 1 | G22: 0 | I22: =ROUND($J$6/$I$6*G22,2) -> 0 | L22: =+I22 -> 0 | M22: =ROUND(L22*19%,2) -> 0 | N22: =+M22+L22 -> 0 | O22: =+N22*E22 -> 0
B23: =+'ANEXO 1 - COTIZACIONES'!B20 -> 11 | C23: =+'ANEXO 1 - COTIZACIONES'!C20 -> Reparación en tee Mecánica doble ramal de tubería de 1” para sistema RCI Incluye: Ver ficha técnica | D23: =+'ANEXO 1 - COTIZACIONES'!D20 -> UND | E23: =+'ANEXO 1 - COTIZACIONES'!E20 -> 1 | G23: 0 | I23: =ROUND($J$6/$I$6*G23,2) -> 0 | L23: =+I23 -> 0 | M23: =ROUND(L23*19%,2) -> 0 | N23: =+M23+L23 -> 0 | O23: =+N23*E23 -> 0
B24: =+'ANEXO 1 - COTIZACIONES'!B21 -> 12 | C24: =+'ANEXO 1 - COTIZACIONES'!C21 -> Reparación de acoplamiento de tubería VICTAULIC DE 4"/114.3-009N Firelock EZ Incluye: Ver ficha técnica | D24: =+'ANEXO 1 - COTIZACIONES'!D21 -> UND | E24: =+'ANEXO 1 - COTIZACIONES'!E21 -> 1 | G24: 0 | I24: =ROUND($J$6/$I$6*G24,2) -> 0 | L24: =+I24 -> 0 | M24: =ROUND(L24*19%,2) -> 0 | N24: =+M24+L24 -> 0 | O24: =+N24*E24 -> 0
B25: =+'ANEXO 1 - COTIZACIONES'!B22 -> 13 | C25: =+'ANEXO 1 - COTIZACIONES'!C22 -> PROGRAMA DE INSPECCIÓN COMPLETO DEL SISTEMA CONTRA INCENDIO BAJO NFPA 25. Incluye: Ver ficha técnica | D25: =+'ANEXO 1 - COTIZACIONES'!D22 -> GL | E25: =+'ANEXO 1 - COTIZACIONES'!E22 -> 1 | G25: 0 | I25: =ROUND($J$6/$I$6*G25,2) -> 0 | L25: =+I25 -> 0 | M25: =ROUND(L25*19%,2) -> 0 | N25: =+M25+L25 -> 0 | O25: =+N25*E25 -> 0
B26: =+'ANEXO 1 - COTIZACIONES'!B23 -> 14 | C26: =+'ANEXO 1 - COTIZACIONES'!C23 -> Reparación de válvula cortina Roscada 206 de 3” Red White Incluye: Ver ficha técnica | D26: =+'ANEXO 1 - COTIZACIONES'!D23 -> UND | E26: =+'ANEXO 1 - COTIZACIONES'!E23 -> 1 | G26: 0 | I26: =ROUND($J$6/$I$6*G26,2) -> 0 | L26: =+I26 -> 0 | M26: =ROUND(L26*19%,2) -> 0 | N26: =+M26+L26 -> 0 | O26: =+N26*E26 -> 0
C27: =+'ANEXO 1 - COTIZACIONES'!C24 -> ARAUCA
C28: =+'ANEXO 1 - COTIZACIONES'!C25 -> SEDE PRINCIPAL
B29: =+'ANEXO 1 - COTIZACIONES'!B26 -> 15 | C29: =+'ANEXO 1 - COTIZACIONES'!C26 -> Mantenimiento general de (2) bombas centrífugas de 3.5 HP, 220V-440V, 60 Hz Sede Principal Incluye: Ver ficha técnica | D29: =+'ANEXO 1 - COTIZACIONES'!D26 -> UND | E29: =+'ANEXO 1 - COTIZACIONES'!E26 -> 2 | G29: 900000 | I29: =ROUND($J$6/$I$6*G29,2) -> 944101.06 | L29: =+I29 -> 944101.06 | M29: =ROUND(L29*19%,2) -> 179379.2 | N29: =+M29+L29 -> 1123480.3 | O29: =+N29*E29 -> 2246960.5
B30: =+'ANEXO 1 - COTIZACIONES'!B27 -> 0 | C30: =+'ANEXO 1 - COTIZACIONES'!C27 -> SEDE FORTALEZA
B31: =+'ANEXO 1 - COTIZACIONES'!B28 -> 16 | C31: =+'ANEXO 1 - COTIZACIONES'!C28 -> Mantenimiento general de una (1) bomba centrífuga de 3.5 HP, 220V-440V, 60 Hz sede Fortaleza Incluye: Ver ficha técnica | D31: =+'ANEXO 1 - COTIZACIONES'!D28 -> UND | E31: =+'ANEXO 1 - COTIZACIONES'!E28 -> 1 | G31: 0 | I31: =ROUND($J$6/$I$6*G31,2) -> 0 | L31: =+I31 -> 0 | M31: =ROUND(L31*19%,2) -> 0 | N31: =+M31+L31 -> 0 | O31: =+N31*E31 -> 0
B32: TOTAL | O32: =SUM(O10:O31) -> 19745790
B35: NOTAS:
B36: 1) El índice refleja la evolución promedio de los precios de todos los artículos/insumos es decir, se refiere a un promedio tomado sobre la base de todos los productos ofrecidos en el mercado.
B37: 2) Para traer a valor presente los precios unitarios, se toma el índice de serie del mes vigente dividido por el índice de serie del mes y año en que fue efectuada la compra. Este resultado se multiplica por el precio de la misma.
B38: 3) En el presente análisis se aplicó el procedimiento de aproximación generalmente aceptado por las reglas matemáticas denominado redondeo, que consiste en acercar los valores decimales al número entero más aproximado (esto es, si el tercer decimal es menor que 5, el segundo decimal se mantiene; si el tercer decimal es igual o mayor que 5, el segundo decimal se incrementa en uno)
B39: Fecha de elaboración: 01/09/2025
B40: Estudio del Sector: No: NS-0004

Sheet ANEXO 3 - PROY COSTOS
B1: ANEXO 3 - PROYECCION COSTOS 2024
D2: Prestación del servicio de mantenimiento preventivo, correctivo y predictivo con suministro e instalación de insumos y bolsa de repuestos nuevos y de primera calidad, para el sistema hidráulico, el cual incluye los equipos de presión constante y de bombeo de agua potable, presión de agua tratada, sistema de eyección de aguas lluvias, residuales, equipos RCI red contra incendio y redes de suministro, desagües, aguas lluvias, aguas recuperadas instaladas en las Sedes de la Subdirección Regional de Apoyo Nororiental, Seccionales Santander, Norte de Santander y Arauca de la Fiscalía General de la Nación
B3: NECESIDAD | G3: ANALISIS DE COTIZACIONES | I3: ANALISIS COSTOS HISTORICOS | K3: PROYECCION COSTOS 2025
I4: 1.0508
B5: ÍTEM | C5: DESCRIPCION | D5: UNIDAD DE MEDIDA | E5: CANTIDAD | G5: VALOR UNITARIO SIN IVA | I5: VALOR UNITARIO SIN IVA | K5: VALOR UNITARIO SIN IVA | L5: VALOR IVA | M5: VALOR UNITARIO INCLUIDO IVA | N5: VALOR TOTAL INCLUIDO IVA
C6: =+'ANEXO 1 - COTIZACIONES'!C5 -> SANTANDER
C7: =+'ANEXO 1 - COTIZACIONES'!C6 -> BUCARAMANGA (Edificio sede Principal)
B8: =+'ANEXO 1 - COTIZACIONES'!B7 -> 1 | C8: =+'ANEXO 1 - COTIZACIONES'!C7 -> Mantenimiento Sistema de presión constante: Incluye: Ver Ficha técnica | D8: =+'ANEXO 1 - COTIZACIONES'!D7 -> UND | E8: =+'ANEXO 1 - COTIZACIONES'!E7 -> 2 | G8: =+'ANEXO 1 - COTIZACIONES'!Q7 -> 1975000 | I8: =+'ANEXO 2 - HISTORICOS'!L10 -> 996551.12 | K8: =+ROUND(AVERAGE(G8,I8),2) -> 1485775.6 | L8: =ROUND(K8*19%,2) -> 282297.36 | M8: =+L8+K8 -> 1768072.9 | N8: =+M8*E8 -> 3536145.8
B9: =+'ANEXO 1 - COTIZACIONES'!B8 -> 2 | C9: =+'ANEXO 1 - COTIZACIONES'!C8 -> Mantenimiento Sistema de presión constante de emergencia: Incluye: Ver ficha técnica | D9: =+'ANEXO 1 - COTIZACIONES'!D8 -> UND | E9: =+'ANEXO 1 - COTIZACIONES'!E8 -> 1 | G9: =+'ANEXO 1 - COTIZACIONES'!Q8 -> 1925000 | I9: =+'ANEXO 2 - HISTORICOS'!L11 -> 1888202.1 | K9: =+ROUND(AVERAGE(G9,I9),2) -> 1906601.1 | L9: =ROUND(K9*19%,2) -> 362254.2 | M9: =+L9+K9 -> 2268855.3 | N9: =+M9*E9 -> 2268855.3
B10: =+'ANEXO 1 - COTIZACIONES'!B9 -> 3 | C10: =+'ANEXO 1 - COTIZACIONES'!C9 -> Mantenimiento Sistema de Eyección 4 UND Incluye: Ver ficha técnica | D10: =+'ANEXO 1 - COTIZACIONES'!D9 -> UND | E10: =+'ANEXO 1 - COTIZACIONES'!E9 -> 4 | G10: =+'ANEXO 1 - COTIZACIONES'!Q9 -> 2525000 | K10: =+ROUND(AVERAGE(G10,I10),2) -> 2525000 | L10: =ROUND(K10*19%,2) -> 479750 | M10: =+L10+K10 -> 3004750 | N10: =+M10*E10 -> 12019000
C11: =+'ANEXO 1 - COTIZACIONES'!C10 -> SAN GIL
B12: =+'ANEXO 1 - COTIZACIONES'!B11 -> 4 | C12: =+'ANEXO 1 - COTIZACIONES'!C11 -> Mantenimiento general de una (1) bomba de eyección de aguas lluvias de 1/2 HP. Incluye: Ver ficha técnica | D12: =+'ANEXO 1 - COTIZACIONES'!D11 -> UND | E12: =+'ANEXO 1 - COTIZACIONES'!E11 -> 1 | G12: =+'ANEXO 1 - COTIZACIONES'!Q11 -> 1475000 | I12: =+'ANEXO 2 - HISTORICOS'!L14 -> 996551.12 | K12: =+ROUND(AVERAGE(G12,I12),2) -> 1235775.6 | L12: =ROUND(K12*19%,2) -> 234797.36 | M12: =+L12+K12 -> 1470572.9 | N12: =+M12*E12 -> 1470572.9
C13: =+'ANEXO 1 - COTIZACIONES'!C12 -> BARRANCABERMEJA (CTI)
B14: =+'ANEXO 1 - COTIZACIONES'!B13 -> 5 | C14: =+'ANEXO 1 - COTIZACIONES'!C13 -> Mantenimiento general de una (1) bomba de eyección de aguas lluvias de 1/2 HP. Incluye: Ver ficha técnica | D14: =+'ANEXO 1 - COTIZACIONES'!D13 -> UND | E14: =+'ANEXO 1 - COTIZACIONES'!E13 -> 1 | G14: =+'ANEXO 1 - COTIZACIONES'!Q13 -> 1525000 | I14: =+'ANEXO 2 - HISTORICOS'!L16 -> 944101.06 | K14: =+ROUND(AVERAGE(G14,I14),2) -> 1234550.5 | L14: =ROUND(K14*19%,2) -> 234564.6 | M14: =+L14+K14 -> 1469115.1 | N14: =+M14*E14 -> 1469115.1
C15: =+'ANEXO 1 - COTIZACIONES'!C14 -> NORTE DE SANTANDER
B16: =+'ANEXO 1 - COTIZACIONES'!B15 -> 6 | C16: =+'ANEXO 1 - COTIZACIONES'!C15 -> Mantenimiento del Sistema de suministro agua potable Incluye: Ver ficha técnica | D16: =+'ANEXO 1 - COTIZACIONES'!D15 -> GL | E16: =+'ANEXO 1 - COTIZACIONES'!E15 -> 1 | G16: =+'ANEXO 1 - COTIZACIONES'!Q15 -> 6600000 | I16: =+'ANEXO 2 - HISTORICOS'!L18 -> 3761718.2 | K16: =+ROUND(AVERAGE(G16,I16),2) -> 5180859.1 | L16: =ROUND(K16*19%,2) -> 984363.23 | M16: =+L16+K16 -> 6165222.3 | N16: =+M16*E16 -> 6165222.3
B17: =+'ANEXO 1 - COTIZACIONES'!B16 -> 7 | C17: =+'ANEXO 1 - COTIZACIONES'!C16 -> Mantenimiento del Sistema de red de desagües: Incluye: Ver ficha técnica | D17: =+'ANEXO 1 - COTIZACIONES'!D16 -> GL | E17: =+'ANEXO 1 - COTIZACIONES'!E16 -> 1 | G17: =+'ANEXO 1 - COTIZACIONES'!Q16 -> 7575000 | I17: =+'ANEXO 2 - HISTORICOS'!L19 -> 5121223.8 | K17: =+ROUND(AVERAGE(G17,I17),2) -> 6348111.9 | L17: =ROUND(K17*19%,2) -> 1206141.3 | M17: =+L17+K17 -> 7554253.1 | N17: =+M17*E17 -> 7554253.1
B18: =+'ANEXO 1 - COTIZACIONES'!B17 -> 8 | C18: =+'ANEXO 1 - COTIZACIONES'!C17 -> Mantenimiento del Sistema de planta de tratamiento Incluye: Ver ficha técnica | D18: =+'ANEXO 1 - COTIZACIONES'!D17 -> GL | E18: =+'ANEXO 1 - COTIZACIONES'!E17 -> 1 | G18: =+'ANEXO 1 - COTIZACIONES'!Q17 -> 8250000 | K18: =+ROUND(AVERAGE(G18,I18),2) -> 8250000 | L18: =ROUND(K18*19%,2) -> 1567500 | M18: =+L18+K18 -> 9817500 | N18: =+M18*E18 -> 9817500
B19: =+'ANEXO 1 - COTIZACIONES'!B18 -> 9 | C19: =+'ANEXO 1 - COTIZACIONES'!C18 -> Mantenimiento del Sistema de red contra incendio Incluye: Ver ficha técnica | D19: =+'ANEXO 1 - COTIZACIONES'!D18 -> GL | E19: =+'ANEXO 1 - COTIZACIONES'!E18 -> 1 | G19: =+'ANEXO 1 - COTIZACIONES'!Q18 -> 7550000 | K19: =+ROUND(AVERAGE(G19,I19),2) -> 7550000 | L19: =ROUND(K19*19%,2) -> 1434500 | M19: =+L19+K19 -> 8984500 | N19: =+M19*E19 -> 8984500
B20: =+'ANEXO 1 - COTIZACIONES'!B19 -> 10 | C20: =+'ANEXO 1 - COTIZACIONES'!C19 -> Reparación de Detector de flujo de agua WFD40VN para sistema RCI Incluye: Ver ficha técnica | D20: =+'ANEXO 1 - COTIZACIONES'!D19 -> UND | E20: =+'ANEXO 1 - COTIZACIONES'!E19 -> 1 | G20: =+'ANEXO 1 - COTIZACIONES'!Q19 -> 2000000 | K20: =+ROUND(AVERAGE(G20,I20),2) -> 2000000 | L20: =ROUND(K20*19%,2) -> 380000 | M20: =+L20+K20 -> 2380000 | N20: =+M20*E20 -> 2380000
B21: =+'ANEXO 1 - COTIZACIONES'!B20 -> 11 | C21: =+'ANEXO 1 - COTIZACIONES'!C20 -> Reparación en tee Mecánica doble ramal de tubería de 1” para sistema RCI Incluye: Ver ficha técnica | D21: =+'ANEXO 1 - COTIZACIONES'!D20 -> UND | E21: =+'ANEXO 1 - COTIZACIONES'!E20 -> 1 | G21: =+'ANEXO 1 - COTIZACIONES'!Q20 -> 2000000 | K21: =+ROUND(AVERAGE(G21,I21),2) -> 2000000 | L21: =ROUND(K21*19%,2) -> 380000 | M21: =+L21+K21 -> 2380000 | N21: =+M21*E21 -> 2380000
B22: =+'ANEXO 1 - COTIZACIONES'!B21 -> 12 | C22: =+'ANEXO 1 - COTIZACIONES'!C21 -> Reparación de acoplamiento de tubería VICTAULIC DE 4"/114.3-009N Firelock EZ Incluye: Ver ficha técnica | D22: =+'ANEXO 1 - COTIZACIONES'!D21 -> UND | E22: =+'ANEXO 1 - COTIZACIONES'!E21 -> 1 | G22: =+'ANEXO 1 - COTIZACIONES'!Q21 -> 2950000 | K22: =+ROUND(AVERAGE(G22,I22),2) -> 2950000 | L22: =ROUND(K22*19%,2) -> 560500 | M22: =+L22+K22 -> 3510500 | N22: =+M22*E22 -> 3510500
B23: =+'ANEXO 1 - COTIZACIONES'!B22 -> 13 | C23: =+'ANEXO 1 - COTIZACIONES'!C22 -> PROGRAMA DE INSPECCIÓN COMPLETO DEL SISTEMA CONTRA INCENDIO BAJO NFPA 25. Incluye: Ver ficha técnica | D23: =+'ANEXO 1 - COTIZACIONES'!D22 -> GL | E23: =+'ANEXO 1 - COTIZACIONES'!E22 -> 1 | G23: =+'ANEXO 1 - COTIZACIONES'!Q22 -> 5050000 | K23: =+ROUND(AVERAGE(G23,I23),2) -> 5050000 | L23: =ROUND(K23*19%,2) -> 959500 | M23: =+L23+K23 -> 6009500 | N23: =+M23*E23 -> 6009500
B24: =+'ANEXO 1 - COTIZACIONES'!B23 -> 14 | C24: =+'ANEXO 1 - COTIZACIONES'!C23 -> Reparación de válvula cortina Roscada 206 de 3” Red White Incluye: Ver ficha técnica | D24: =+'ANEXO 1 - COTIZACIONES'!D23 -> UND | E24: =+'ANEXO 1 - COTIZACIONES'!E23 -> 1 | G24: =+'ANEXO 1 - COTIZACIONES'!Q23 -> 1750000 | K24: =+ROUND(AVERAGE(G24,I24),2) -> 1750000 | L24: =ROUND(K24*19%,2) -> 332500 | M24: =+L24+K24 -> 2082500 | N24: =+M24*E24 -> 2082500
C25: =+'ANEXO 1 - COTIZACIONES'!C24 -> ARAUCA
C26: =+'ANEXO 1 - COTIZACIONES'!C25 -> SEDE PRINCIPAL
B27: =+'ANEXO 1 - COTIZACIONES'!B26 -> 15 | C27: =+'ANEXO 1 - COTIZACIONES'!C26 -> Mantenimiento general de (2) bombas centrífugas de 3.5 HP, 220V-440V, 60 Hz Sede Principal Incluye: Ver ficha técnica | D27: =+'ANEXO 1 - COTIZACIONES'!D26 -> UND | E27: =+'ANEXO 1 - COTIZACIONES'!E26 -> 2 | G27: =+'ANEXO 1 - COTIZACIONES'!Q26 -> 2475000 | I27: =+'ANEXO 2 - HISTORICOS'!L29 -> 944101.06 | K27: =+ROUND(AVERAGE(G27,I27),2) -> 1709550.5 | L27: =ROUND(K27*19%,2) -> 324814.6 | M27: =+L27+K27 -> 2034365.1 | N27: =+M27*E27 -> 4068730.3
C28: =+'ANEXO 1 - COTIZACIONES'!C27 -> SEDE FORTALEZA
B29: =+'ANEXO 1 - COTIZACIONES'!B28 -> 16 | C29: =+'ANEXO 1 - COTIZACIONES'!C28 -> Mantenimiento general de una (1) bomba centrífuga de 3.5 HP, 220V-440V, 60 Hz sede Fortaleza Incluye: Ver ficha técnica | D29: =+'ANEXO 1 - COTIZACIONES'!D28 -> UND | E29: =+'ANEXO 1 - COTIZACIONES'!E28 -> 1 | G29: =+'ANEXO 1 - COTIZACIONES'!Q28 -> 2975000 | K29: =+ROUND(AVERAGE(G29,I29),2) -> 2975000 | L29: =ROUND(K29*19%,2) -> 565250 | M29: =+L29+K29 -> 3540250 | N29: =+M29*E29 -> 3540250
B30: TOTAL | N30: =SUM(N8:N29) -> 77256645
B33: NOTAS:
B34: 1) Para establecer los valores del mercado de los ítems 1-2-4-5-6-7-15, se utilizo la formula promedio entre análisis de cotizaciones y análisis de costos históricos.
B35: 2) Para establecer los valores del mercado de los ítems 3- 8- 9-10-11-12-13,14-16, se tomaron los valores del análisis de cotizaciones.
B36: 3) En el presente análisis se aplicó el procedimiento de aproximación generalmente aceptado por las reglas matemáticas denominado redondeo, que consiste en acercar los valores decimales al número entero más aproximado (esto es, si el tercer decimal es menor que 5, el segundo decimal se mantiene; si el tercer decimal es igual o mayor que 5, el segundo decimal se incrementa en uno)
B37: Fecha de elaboración: 01/09/2025
B38: Estudio del Sector: No: NS-0004

Sheet ANEXO 4 - EST SECTOR
B1: ANEXO 4 - ESTUDIO DEL SECTOR
D2: Prestación del servicio de mantenimiento preventivo, correctivo y predictivo con suministro e instalación de insumos y bolsa de repuestos nuevos y de primera calidad, para el sistema hidráulico, el cual incluye los equipos de presión constante y de bombeo de agua potable, presión de agua tratada, sistema de eyección de aguas lluvias, residuales, equipos RCI red contra incendio y redes de suministro, desagües, aguas lluvias, aguas recuperadas instaladas en las Sedes de la Subdirección Regional de Apoyo Nororiental, Seccionales Santander, Norte de Santander y Arauca de la Fiscalía General de la Nación
B3: NECESIDAD | G3: ESTUDIO DEL SECTOR
B4: ÍTEM | C4: DESCRIPCION | D4: UNIDAD DE MEDIDA | E4: CANTIDAD | G4: VALOR UNITARIO SIN IVA | H4: VALOR IVA | I4: VALOR UNITARIO INCLUIDO IVA | J4: VALOR TOTAL INCLUIDO IVA
C5: =+'ANEXO 3 - PROY COSTOS'!C6 -> SANTANDER
C6: =+'ANEXO 3 - PROY COSTOS'!C7 -> BUCARAMANGA (Edificio sede Principal)
B7: =+'ANEXO 3 - PROY COSTOS'!B8 -> 1 | C7: =+'ANEXO 3 - PROY COSTOS'!C8 -> Mantenimiento Sistema de presión constante: Incluye: Ver Ficha técnica | D7: =+'ANEXO 3 - PROY COSTOS'!D8 -> UND | E7: =+'ANEXO 3 - PROY COSTOS'!E8 -> 2 | G7: =+'ANEXO 3 - PROY COSTOS'!K8 -> 1485775.6 | H7: =ROUND(G7*19%,2) -> 282297.36 | I7: =+H7+G7 -> 1768072.9 | J7: =+I7*E7 -> 3536145.8
B8: =+'ANEXO 3 - PROY COSTOS'!B9 -> 2 | C8: =+'ANEXO 3 - PROY COSTOS'!C9 -> Mantenimiento Sistema de presión constante de emergencia: Incluye: Ver ficha técnica | D8: =+'ANEXO 3 - PROY COSTOS'!D9 -> UND | E8: =+'ANEXO 3 - PROY COSTOS'!E9 -> 1 | G8: =+'ANEXO 3 - PROY COSTOS'!K9 -> 1906601.1 | H8: =ROUND(G8*19%,2) -> 362254.2 | I8: =+H8+G8 -> 2268855.3 | J8: =+I8*E8 -> 2268855.3
B9: =+'ANEXO 3 - PROY COSTOS'!B10 -> 3 | C9: =+'ANEXO 3 - PROY COSTOS'!C10 -> Mantenimiento Sistema de Eyección 4 UND Incluye: Ver ficha técnica | D9: =+'ANEXO 3 - PROY COSTOS'!D10 -> UND | E9: =+'ANEXO 3 - PROY COSTOS'!E10 -> 4 | G9: =+'ANEXO 3 - PROY COSTOS'!K10 -> 2525000 | H9: =ROUND(G9*19%,2) -> 479750 | I9: =+H9+G9 -> 3004750 | J9: =+I9*E9 -> 12019000
C10: =+'ANEXO 3 - PROY COSTOS'!C11 -> SAN GIL
B11: =+'ANEXO 3 - PROY COSTOS'!B12 -> 4 | C11: =+'ANEXO 3 - PROY COSTOS'!C12 -> Mantenimiento general de una (1) bomba de eyección de aguas lluvias de 1/2 HP. Incluye: Ver ficha técnica | D11: =+'ANEXO 3 - PROY COSTOS'!D12 -> UND | E11: =+'ANEXO 3 - PROY COSTOS'!E12 -> 1 | G11: =+'ANEXO 3 - PROY COSTOS'!K12 -> 1235775.6 | H11: =ROUND(G11*19%,2) -> 234797.36 | I11: =+H11+G11 -> 1470572.9 | J11: =+I11*E11 -> 1470572.9
B12: =+'ANEXO 3 - PROY COSTOS'!B13 -> 0 | C12: =+'ANEXO 3 - PROY COSTOS'!C13 -> BARRANCABERMEJA (CTI)
B13: =+'ANEXO 3 - PROY COSTOS'!B14 -> 5 | C13: =+'ANEXO 3 - PROY COSTOS'!C14 -> Mantenimiento general de una (1) bomba de eyección de aguas lluvias de 1/2 HP. Incluye: Ver ficha técnica | D13: =+'ANEXO 3 - PROY COSTOS'!D14 -> UND | E13: =+'ANEXO 3 - PROY COSTOS'!E14 -> 1 | G13: =+'ANEXO 3 - PROY COSTOS'!K14 -> 1234550.5 | H13: =ROUND(G13*19%,2) -> 234564.6 | I13: =+H13+G13 -> 1469115.1 | J13: =+I13*E13 -> 1469115.1
C14: =+'ANEXO 3 - PROY COSTOS'!C15 -> NORTE DE SANTANDER
B15: =+'ANEXO 3 - PROY COSTOS'!B16 -> 6 | C15: =+'ANEXO 3 - PROY COSTOS'!C16 -> Mantenimiento del Sistema de suministro agua potable Incluye: Ver ficha técnica | D15: =+'ANEXO 3 - PROY COSTOS'!D16 -> GL | E15: =+'ANEXO 3 - PROY COSTOS'!E16 -> 1 | G15: =+'ANEXO 3 - PROY COSTOS'!K16 -> 5180859.1 | H15: =ROUND(G15*19%,2) -> 984363.23 | I15: =+H15+G15 -> 6165222.3 | J15: =+I15*E15 -> 6165222.3
B16: =+'ANEXO 3 - PROY COSTOS'!B17 -> 7 | C16: =+'ANEXO 3 - PROY COSTOS'!C17 -> Mantenimiento del Sistema de red de desagües: Incluye: Ver ficha técnica | D16: =+'ANEXO 3 - PROY COSTOS'!D17 -> GL | E16: =+'ANEXO 3 - PROY COSTOS'!E17 -> 1 | G16: =+'ANEXO 3 - PROY COSTOS'!K17 -> 6348111.9 | H16: =ROUND(G16*19%,2) -> 1206141.3 | I16: =+H16+G16 -> 7554253.1 | J16: =+I16*E16 -> 7554253.1
B17: =+'ANEXO 3 - PROY COSTOS'!B18 -> 8 | C17: =+'ANEXO 3 - PROY COSTOS'!C18 -> Mantenimiento del Sistema de planta de tratamiento Incluye: Ver ficha técnica | D17: =+'ANEXO 3 - PROY COSTOS'!D18 -> GL | E17: =+'ANEXO 3 - PROY COSTOS'!E18 -> 1 | G17: =+'ANEXO 3 - PROY COSTOS'!K18 -> 8250000 | H17: =ROUND(G17*19%,2) -> 1567500 | I17: =+H17+G17 -> 9817500 | J17: =+I17*E17 -> 9817500
B18: =+'ANEXO 3 - PROY COSTOS'!B19 -> 9 | C18: =+'ANEXO 3 - PROY COSTOS'!C19 -> Mantenimiento del Sistema de red contra incendio Incluye: Ver ficha técnica | D18: =+'ANEXO 3 - PROY COSTOS'!D19 -> GL | E18: =+'ANEXO 3 - PROY COSTOS'!E19 -> 1 | G18: =+'ANEXO 3 - PROY COSTOS'!K19 -> 7550000 | H18: =ROUND(G18*19%,2) -> 1434500 | I18: =+H18+G18 -> 8984500 | J18: =+I18*E18 -> 8984500
B19: =+'ANEXO 3 - PROY COSTOS'!B20 -> 10 | C19: =+'ANEXO 3 - PROY COSTOS'!C20 -> Reparación de Detector de flujo de agua WFD40VN para sistema RCI Incluye: Ver ficha técnica | D19: =+'ANEXO 3 - PROY COSTOS'!D20 -> UND | E19: =+'ANEXO 3 - PROY COSTOS'!E20 -> 1 | G19: =+'ANEXO 3 - PROY COSTOS'!K20 -> 2000000 | H19: =ROUND(G19*19%,2) -> 380000 | I19: =+H19+G19 -> 2380000 | J19: =+I19*E19 -> 2380000
B20: =+'ANEXO 3 - PROY COSTOS'!B21 -> 11 | C20: =+'ANEXO 3 - PROY COSTOS'!C21 -> Reparación en tee Mecánica doble ramal de tubería de 1” para sistema RCI Incluye: Ver ficha técnica | D20: =+'ANEXO 3 - PROY COSTOS'!D21 -> UND | E20: =+'ANEXO 3 - PROY COSTOS'!E21 -> 1 | G20: =+'ANEXO 3 - PROY COSTOS'!K21 -> 2000000 | H20: =ROUND(G20*19%,2) -> 380000 | I20: =+H20+G20 -> 2380000 | J20: =+I20*E20 -> 2380000
B21: =+'ANEXO 3 - PROY COSTOS'!B22 -> 12 | C21: =+'ANEXO 3 - PROY COSTOS'!C22 -> Reparación de acoplamiento de tubería VICTAULIC DE 4"/114.3-009N Firelock EZ Incluye: Ver ficha técnica | D21: =+'ANEXO 3 - PROY COSTOS'!D22 -> UND | E21: =+'ANEXO 3 - PROY COSTOS'!E22 -> 1 | G21: =+'ANEXO 3 - PROY COSTOS'!K22 -> 2950000 | H21: =ROUND(G21*19%,2) -> 560500 | I21: =+H21+G21 -> 3510500 | J21: =+I21*E21 -> 3510500
B22: =+'ANEXO 3 - PROY COSTOS'!B23 -> 13 | C22: =+'ANEXO 3 - PROY COSTOS'!C23 -> PROGRAMA DE INSPECCIÓN COMPLETO DEL SISTEMA CONTRA INCENDIO BAJO NFPA 25. Incluye: Ver ficha técnica | D22: =+'ANEXO 3 - PROY COSTOS'!D23 -> GL | E22: =+'ANEXO 3 - PROY COSTOS'!E23 -> 1 | G22: =+'ANEXO 3 - PROY COSTOS'!K23 -> 5050000 | H22: =ROUND(G22*19%,2) -> 959500 | I22: =+H22+G22 -> 6009500 | J22: =+I22*E22 -> 6009500
B23: =+'ANEXO 3 - PROY COSTOS'!B24 -> 14 | C23: =+'ANEXO 3 - PROY COSTOS'!C24 -> Reparación de válvula cortina Roscada 206 de 3” Red White Incluye: Ver ficha técnica | D23: =+'ANEXO 3 - PROY COSTOS'!D24 -> UND | E23: =+'ANEXO 3 - PROY COSTOS'!E24 -> 1 | G23: =+'ANEXO 3 - PROY COSTOS'!K24 -> 1750000 | H23: =ROUND(G23*19%,2) -> 332500 | I23: =+H23+G23 -> 2082500 | J23: =+I23*E23 -> 2082500
C24: =+'ANEXO 3 - PROY COSTOS'!C25 -> ARAUCA
C25: =+'ANEXO 3 - PROY COSTOS'!C26 -> SEDE PRINCIPAL
B26: =+'ANEXO 3 - PROY COSTOS'!B27 -> 15 | C26: =+'ANEXO 3 - PROY COSTOS'!C27 -> Mantenimiento general de (2) bombas centrífugas de 3.5 HP, 220V-440V, 60 Hz Sede Principal Incluye: Ver ficha técnica | D26: =+'ANEXO 3 - PROY COSTOS'!D27 -> UND | E26: =+'ANEXO 3 - PROY COSTOS'!E27 -> 2 | G26: =+'ANEXO 3 - PROY COSTOS'!K27 -> 1709550.5 | H26: =ROUND(G26*19%,2) -> 324814.6 | I26: =+H26+G26 -> 2034365.1 | J26: =+I26*E26 -> 4068730.3
C27: =+'ANEXO 3 - PROY COSTOS'!C28 -> SEDE FORTALEZA
B28: =+'ANEXO 3 - PROY COSTOS'!B29 -> 16 | C28: =+'ANEXO 3 - PROY COSTOS'!C29 -> Mantenimiento general de una (1) bomba centrífuga de 3.5 HP, 220V-440V, 60 Hz sede Fortaleza Incluye: Ver ficha técnica | D28: =+'ANEXO 3 - PROY COSTOS'!D29 -> UND | E28: =+'ANEXO 3 - PROY COSTOS'!E29 -> 1 | G28: =+'ANEXO 3 - PROY COSTOS'!K29 -> 2975000 | H28: =ROUND(G28*19%,2) -> 565250 | I28: =+H28+G28 -> 3540250 | J28: =+I28*E28 -> 3540250
B29: TOTAL | J29: =SUM(J7:J28) -> 77256645
B30: Bolsa de repuestos incluido IVA (SUMA FIJA E INMODIFICABLE) | J30: 5243355
B31: VALOR TOTAL ESTUDIO DEL SECTOR: | J31: =SUM(J29:J30) -> 82500000
B34: NOTAS:
B35: 1) Para establecer los valores del mercado de los ítems 1-2-4-5-6-7-15, se utilizo la formula promedio entre análisis de cotizaciones y análisis de costos históricos.
B36: 2) Para establecer los valores del mercado de los ítems 3- 8- 9-10-11-12-13,14-16, se tomaron los valores del análisis de cotizaciones.
B37: 3) En el presente análisis se aplicó el procedimiento de aproximación generalmente aceptado por las reglas matemáticas denominado redondeo, que consiste en acercar los valores decimales al número entero más aproximado (esto es, si el tercer decimal es menor que 5, el segundo decimal se mantiene; si el tercer decimal es igual o mayor que 5, el segundo decimal se incrementa en uno)
B39: Fecha de elaboración: 01/09/2025
B40: Estudio del Sector: No: NS-0004
